 Dungeon Crawl Stone Soup version 0.30-a0-253-g6b895097cc (webtiles) character file.

Game seed: 2155779738160985826

77 Ijustatesigmund the Trooper (level 4, 0/30 HPs)
             Began as a Gargoyle Fighter on Oct 13, 2022.
             Slain by a gnoll
             ... wielding a +0 spear
              (1 damage)
             ... on level 2 of the Dungeon.
             The game lasted 00:02:27 (1206 turns).

Ijustatesigmund the Trooper (Gargoyle Fighter)      Turns: 1206, Time: 00:02:27

Health: 0/30       AC: 10    Str: 21    XL:     4   Next: 33%
Magic:  4/4        EV:  9    Int:  9    God:
Gold:   66         SH:  4    Dex:  9    Spells: 3/3 levels left

rFire   . . .      SeeInvis .    a - +0 flail
rCold   . . .      Faith    .    c - +0 buckler
rNeg    + . .      Spirit   .    b - +0 scale mail
rPois   ∞          Reflect  .    (no helmet)
rElec   +          Harm     .    (no cloak)
rCorr   .          Rampage  .    (no gloves)
Will    .....                    (no boots)
Stlth   ..........               (no amulet)
HPRegen 0.25/turn                (no ring)
MPRegen 0.09/turn                (no ring)

@: silenced, flying, invisible
A: sickness immunity, AC +3, negative energy resistance 1, electricity
resistance, torment resistance 1, petrification resistance
a: no special abilities


You were on level 2 of the Dungeon.
You visited 1 branch of the dungeon, and saw 2 of its levels.

You collected 66 gold pieces.

Inventory:

Hand Weapons
 a - a +0 flail (weapon)
Armour
 b - a +0 scale mail (worn)
 c - a +0 buckler (worn)
Scrolls
 e - a scroll of noise {unknown}
 g - a scroll of enchant armour {unknown}
 i - a scroll of magic mapping {unknown}
 j - a scroll of blinking {unknown}
Potions
 d - a potion of might
 f - 3 potions of flight
 k - a potion of invisibility
 l - a potion of berserk rage {unknown}


   Skills:
 + Level 4.3 Fighting
 + Level 3.2 Maces & Flails
 + Level 3.6 Armour
 - Level 3.2 Shields


You had 3 spell levels left.
You didn't know any spells.
Your spell library was empty.

Dungeon Overview and Level Annotations

Branches:
Dungeon (2/15)

Altars:

Shops:
D:1 (


Innate Abilities, Weirdness & Mutations

You are immune to sickness and miasma.
Your stone body is resilient. (AC +3)
You are immune to poison.
You resist negative energy. (rN+)
You are resistant to electric shocks. (rElec)
You are resistant to unholy torment.
You are immune to petrification.


Message History

The gnoll is heavily wounded.
A bat comes into view.
The gnoll closely misses you. The gnoll hits you with a +0 flail.
The gnoll hits you but does no damage.
The bat moves out of view.
You barely miss the gnoll.
The gnoll is heavily wounded.
The gnoll hits you with a +0 club. The gnoll barely misses you. x2
You barely miss the gnoll.
The gnoll is moderately wounded.
The gnoll hits you from afar with a +0 spear!
The gnoll barely misses you. The gnoll hits you with a +0 whip.
The gnoll hits you with a +0 flail!
* * * LOW HITPOINT WARNING * * *
You are too injured to fight recklessly!
You are too injured to fight recklessly!
You are too injured to fight recklessly!
You are too injured to fight recklessly!
You are too injured to fight recklessly!
You are too injured to fight recklessly!
You are too injured to fight recklessly!
You are too injured to fight recklessly!
You are too injured to fight recklessly!
You are too injured to fight recklessly!
You are too injured to fight recklessly!
You are too injured to fight recklessly!
It was a potion of flight.
You feel very buoyant.
You fly up into the air.
A quokka comes into view.
The gnoll closely misses you. The gnoll barely misses you. x2
The gnoll hits you but does no damage.
As you read the scroll labelled UQEXTOE ZACA, it crumbles to dust.
A profound silence engulfs you.
It was a scroll of silence.
The gnoll hits you from afar with a +0 spear.
* * * LOW HITPOINT WARNING * * *
The gnoll hits you but does no damage. x3
It was a potion of invisibility.
You fade into invisibility!
The gnoll hits you from afar with a +0 spear.
You die...

#......#.##.....
#..#.....#......
#########..##>..).÷.....
#.......................
#..........##...........
..<.....................
...........#...#...<....
......gg......####...###
..r..gg@....#.# #...#
.b....##.##.#.# #...#
...#####.##.#.####...# #
#..........†.......# #
...####.#.##.####...###
#..#.##.# #...##.
....#.#..# ######.
###........ ##...##
..#...... ##.....#


You could see 4 gnolls, a quokka (unable to see you) and a bat (wandering).

Vanquished Creatures
  3 gnolls
  A dart slug (D:1)
  5 ball pythons
  4 endoplasms (D:1)
  2 giant cockroaches (D:1)
  3 goblins (D:1)
  7 hobgoblins
  4 jackals (D:1)
  A quokka (D:2)
  A bat (D:1)
  3 frilled lizards (D:1)
  4 kobolds
  6 rats
44 creatures vanquished.

Notes
Turn   | Place    | Note
-------+----------+-------------------------------------------
     0 | D:1      | Ijustatesigmund the Gargoyle Fighter began the quest for
                  | the Orb.
     0 | D:1      | Reached XP level 1. HP: 14/14 MP: 1/1
   129 | D:1      | Reached XP level 2. HP: 19/19 MP: 2/2
   352 | D:1      | Reached XP level 3. HP: 24/24 MP: 3/3
   367 | D:1      | Reached skill level 4 in Fighting
   530 | D:1      | Found Enariad's Weapon Shoppe.
   845 | D:1      | Reached XP level 4. HP: 29/29 MP: 4/4
  1043 | D:2      | Identified the +5 ring mail "Kisiwem" {rF- Int+4}
  1205 | D:2      | HP: 1/30 [gnoll/+0 spear (1)]
  1206 | D:2      | Slain by a gnoll

Illustrated notes

Levels and vault maps discovered:
D:1:      enne_arrival_octagon_isle, layout_loops_ring, serial_bayou,
          serial_bayou_pond_b, serial_bayou_crossing, serial_bayou_pond_e,
          serial_bayou_pond_d, serial_shops, nicolae_shop_bloodbath_and_beyond,
          hangedman_abyss_or_decor_lesser_grid, st_stairs_3,
          hangedman_decor_clover_reticule, grunt_decor_cap
D:2:      layout_rooms, minmay_puff, uniq_terence

Skill      XL: |  1  2  3 |
---------------+----------+-----
Fighting       | 4 |  4.3
Maces & Flails | 3 |  3.2
Armour         | |  3.6
Shields        | |  3.2

Action                   |  1- 3 |  4- 6 || total
-------------------------+-------+-------++-------
Melee: Flail             |   112 |    38 ||   150
  Use: Potion            |       |     2 ||     2
       Scroll            |       |     1 ||     1
Armor: Scale mail        |    59 |    22 ||    81
Dodge: Dodged            |    57 |    23 ||    80
Block: Buckler           |    29 |     6 ||    35

Table legend: (Time is in decaauts)
 A = Elapsed time spent in this place.
 B = Non-inter-level travel time spent in this place.
 C = Inter-level travel time spent in this place.
 D = Time resting spent in this place.
 E = Time spent auto-exploring this place.
 F = Levels seen in this place.
 G = Mean time per level.
                   A        B        C        D        E       F      G
               +--------+--------+--------+--------+--------+-----+--------+
         Total |   1268 |   1249 |     19 |     73 |    822 |   2 |  634.0 |
       Dungeon |   1268 |   1249 |     19 |     73 |    822 |   2 |  634.0 |
               +--------+--------+--------+--------+--------+-----+--------+

Top non-repeatable levels by time:
     D:1: 888 daAuts
     D:2: 379 daAuts
